Map: 카탈리스트 - 래더

Players

FanTaSy - Winner!

  • Race: Terran Terran
  • League: Diamond
  • Spawn Location: 11:00

Patience

  • Race: Protoss Protoss
  • Spawn Location: 5:00

Event: HomeStory Cup XVII

VOD

Have the link to the VOD?

Description

Time

  • Played on: June 29, 2018, 5:49 p.m.
  • Length: 6:40

All games in this series

Show
View Real Time Build Order
Export as new Build Order

FanTaSy Terran - Winner!

Build Orders:  

Get SALT Encoding   

  12  0:00  SCV  
  13  0:12  SCV  
  14  0:19  Supply Depot  
  14  0:25  SCV  
  15  0:41  Barracks  
  15  0:42  SCV  
  16  0:47  Refinery  
  16  0:54  SCV  
  17  0:57  Refinery  
  17  1:06  SCV  
  19  1:18  SCV  
  19  1:27  Reaper  
  19  1:30  Orbital Command  
  20  1:47  Factory  
  20  1:56  SCV  
  20  2:00  Supply Depot  
  22  2:08  SCV  
  22  2:20  SCV  
  23  2:30  Factory Reactor  
  23  2:32  SCV  
  24  2:37  Command Center  
  24  2:44  SCV  
  24  2:48  Supply Depot  
  25  2:56  SCV  
  26  3:07  Cyclone  
  26  3:10  Cyclone, SCV  
  33  3:17  Supply Depot  
  33  3:22  SCV  
  34  3:31  Barracks Reactor  
  35  3:34  SCV  
  35  3:39  Cyclone  
  38  3:42  Cyclone  
  38  3:46  SCV  
  38  3:47  Barracks  
  42  3:50  Orbital Command  
  42  3:58  SCV  
  42  4:09  Marine  
  43  4:11  Cyclone, Bunker  
  43  4:14  Cyclone  
  43  4:17  SCV  
  50  4:22  SCV  
  51  4:26  Marine  
  51  4:29  SCV  
  53  4:34  SCV  
  53  4:36  Marine  
  55  4:41  SCV  
  55  4:42  Barracks Tech Lab  
  55  4:44  Cyclone  
  59  4:51  Cyclone  
  62  4:58  Supply Depot  
  62  5:09  Supply Depot  
  62  5:17  Refinery  
  62  5:19  Engineering Bay  
  62  5:20  Widow Mine, Marine x3, SCV x2  
  69  5:25  Supply Depot  
  69  5:31  Widow Mine  
  69  5:32  Starport, SCV  
  69  5:33  SCV  
  73  5:38  Marine x3  
  73  5:39  Supply Depot  
  76  5:44  Widow Mine  
  76  5:47  SCV x2  
  80  5:52  Widow Mine  
  80  5:55  Marine x3  
  85  5:59  SCV  
  85  6:01  SCV  
  85  6:03  Barracks  
  87  6:04  Refinery  
  87  6:13  Marine x2  
  87  6:14  Marauder  
  91  6:20  SCV x2  
  91  6:21  Supply Depot  
  91  6:23  Supply Depot  
Show
View Real Time Build Order
Export as new Build Order

Patience Protoss 

Build Orders: Phoenix Opening 

Get SALT Encoding   

  12  0:00  Probe  
  13  0:13  Probe  
  14  0:17  Pylon  
  14  0:23  Probe  
  15  0:31  Probe  
  16  0:36  Gateway  
  16  0:39  Probe  
  16  0:46  Assimilator  
  17  0:51  Probe  
  18  1:03  Probe  
  19  1:15  Probe  
  20  1:19  Pylon  
  20  1:27  Probe, Cybernetics Core  
  20  1:30  Assimilator, Zealot  
  23  1:39  Probe  
  24  1:50  Pylon  
  24  1:52  Probe  
  25  1:54  Adept  
  25  1:55  Warp Gate  
  25  2:04  Probe  
  28  2:17  Gateway  
  28  2:21  Adept  
  29  2:30  Stargate  
  29  2:38  Probe  
  30  2:46  Gateway  
  30  2:51  Stalker  
  32  3:07  Phoenix  
  32  3:09  Pylon  
  34  3:20  Pylon  
  33  3:31  Phoenix  
  35  3:54  Phoenix  
  35  4:01  Stalker x2  
  41  4:03  Stalker  
  37  4:12  Pylon  
  37  4:26  Stalker x2  
  41  4:31  Stalker  
  40  4:56  Probe  
  40  4:57  Phoenix  
  43  5:03  Nexus  
  43  5:12  Pylon  
  43  5:14  Pylon  
  43  5:22  Phoenix  
  45  5:45  Phoenix  
  45  5:49  Stalker x2  
  51  5:57  Stalker  
  53  6:10  Pylon  
  53  6:15  Stalker  
  55  6:18  Pylon  
  53  6:29  Pylon  
  53  6:30  Stalker x2  
Tags
 
Add a new tag
Caveats
  • Supply blocks, unpowered buildings, or Contaminate may cause inaccurate times.
  • Supply counts are checked every 10 seconds.